 Dungeon Crawl Stone Soup version 0.14.2 (webtiles) character file.

185 KristoblXynda the Chopper (level 4, -1/38 HPs)
             Began as a Draconian Gladiator on Oct 7, 2021.
             Slain by KristoblXynda's ghost (13 damage)
             ... on Level 3 of the Dungeon.
             The game lasted 00:03:51 (2225 turns).

KristoblXynda the Chopper (Draconian Gladiator)     Turns: 2225, Time: 00:03:51

HP  -1/38        AC  6     Str 22      XL: 4   Next: 90%
MP   4/4         EV 19     Int  8      God:
Gold 55          SH  0     Dex 18      Spells:  0 memorised,  3 levels left

rFire  + . .     SeeInvis .     a - +0 war axe
rCold  + . .     Clarity  .     (armour unavailable)
rNeg   . . .     Conserve .     (no shield)
rPois  +         rCorr    .     c - +0 hat
rElec  +         rRot     .     (no cloak)
SustAb . .       Spirit   .     (no gloves)
rMut   .         Warding  .     u - +0 pair of boots
Saprov . . .     Stasis   .     (no amulet)
MR     .....                    s - ring of sustenance
                                v - ring of wizardry

@: mighty, agile, flying, not resistant to hostile enchantments, stealthy
A: unfitting armour, AC +5
a: no special abilities


You were on level 3 of the Dungeon.
You were not hungry.

You visited 1 branch of the dungeon, and saw 3 of its levels.

You collected 55 gold pieces.

Inventory:

Hand weapons
 a - a +0,+0 war axe (weapon)
 x - a +0,+2 mace of crushing
Missiles
 d - 3 throwing nets (quivered)
Armour
 c - a +0 hat (worn)
 u - a +0 pair of boots (worn)
Comestibles
 f - 5 bread rations
 i - an apple
 o - a rambutan
Scrolls
 e - 2 scrolls of noise {unknown}
 g - 2 scrolls of remove curse
 h - a scroll of enchant armour {unknown}
 n - a scroll of enchant weapon II {unknown}
 r - a scroll of random uselessness {unknown}
 w - a scroll of teleportation {unknown}
Jewellery
 s - a ring of sustenance (right hand)
 v - a ring of wizardry (left hand)
 y - an uncursed amulet of guardian spirit {unknown}
Potions
 b - a potion of restore abilities
 k - 2 potions of invisibility
 q - 4 potions of curing
 t - a potion of heal wounds


   Skills:
 + Level 3.2 Fighting
 * Level 4.4 Axes
 - Level 2.0 Throwing
 + Level 3.4 Dodging


You had 3 spell levels left.
You didn't know any spells.

Dungeon Overview and Level Annotations

Branches:
Dungeon (3/15)

Altars:
Dithmenos
Xom
Yredelemnul

Annotations:
D:3 KristoblXynda's ghost, average TrMo


Message History

The jackal barely misses you.
KristoblXynda's ghost barely misses you.
You slash KristoblXynda's ghost!
KristoblXynda's ghost is moderately damaged.
The jackal bites you but does no damage.
The jackal misses you.
KristoblXynda's ghost barely misses you.
You barely miss KristoblXynda's ghost. You tail-slap KristoblXynda's ghost.
KristoblXynda's ghost is heavily damaged.
The jackal misses you. KristoblXynda's ghost misses you. The jackal misses you.
You closely miss KristoblXynda's ghost.
KristoblXynda's ghost is heavily damaged.
The jackal misses you.
KristoblXynda's ghost barely misses you.
The jackal barely misses you.
You closely miss KristoblXynda's ghost. You tail-slap KristoblXynda's ghost!
KristoblXynda's ghost is severely damaged.
KristoblXynda's ghost misses you. The jackal barely misses you.
KristoblXynda's ghost hits you!
You die...

######.......)##.######.##.# ##
#....<...##.# #.##.#
.#####........##.# #.##.#####
..............##.# #.##.....#
.#####........##.# #.##.....# ##
#........##.# #.##>....# #
###........##.# #.##..####
####..........##p# #.#....#
.%...8#8......##@# #.#....#
####.#?#......##h# #.#.%%)# #
#.8#8.##.####h######.#....# #
#..........%.h............# #
####.###.####.##.....###.##
#######.###.####.##.....###.#####
.................................
.........#.......##.(...###.#####
........%..............(.........


You could see KristoblXynda's ghost and 3 jackals.

Vanquished Creatures
  Ijyb (D:3)
  Jessica (D:3)
  Terence (D:2)
  3 adders (D:3)
  A giant mite (D:2)
  A worm (D:2)
  An orc (D:3)
  6 bats
  A giant cockroach (D:2)
  4 hobgoblins
  3 jackals (D:3)
  6 kobolds
  2 quokkas
  A ball python (D:1)
  A giant gecko (D:1)
  2 giant newts
  6 goblins
  8 rats
49 creatures vanquished.

Notes
Turn   | Place    | Note
--------------------------------------------------------------
     0 | D:1      | KristoblXynda, the Draconian Gladiator, began the quest for the Orb.
     0 | D:1      | Reached XP level 1. HP: 17/17 MP: 1/1
   288 | D:1      | Reached XP level 2. HP: 25/25 MP: 2/2
  1021 | D:2      | Reached XP level 3. HP: 30/30 MP: 3/3
  1327 | D:2      | Noticed Terence
  1338 | D:2      | Killed Terence
  1562 | D:2      | Found a shimmering altar of Xom.
  1568 | D:2      | Found a basalt altar of Yredelemnul.
  1700 | D:3      | Noticed Jessica
  1718 | D:3      | Killed Jessica
  1718 | D:3      | Reached skill level 4 in Axes
  1718 | D:3      | Reached XP level 4. HP: 22/38 MP: 4/4
  1900 | D:3      | Found a shadowy altar of Dithmenos.
  1937 | D:3      | Noticed Ijyb
  1953 | D:3      | Killed Ijyb
  2183 | D:3      | Noticed KristoblXynda's ghost (average TrMo)
  2225 | D:3      | Slain by KristoblXynda's ghost

Action                   |  1- 3 |  4- 6 || total
-------------------------+-------+-------++-------
Melee: War axe           |   105 |    55 ||   160
  Use: Scroll            |     6 |       ||     6
       Potion            |       |     5 ||     5
